[Event "*** Titled Tuesday Blitz"]
[Site "Chess.com"]
[Date "2018.01.02"]
[Round "6"]
[White "Colombiano07"]
[Black "nickmatta"]
[Result "1-0"]
[WhiteElo "2223"]
[BlackElo "2224"]
[TimeControl "180+2"]
[EndTime "14:22:48 PST"]
[Termination "Colombiano07 won by resignation"]

1. e4 c5 2. Nf3 d6 3. g3 Nf6 4.
d3 b5 5. Bg2 Bb7 6. O-O e6 7. Re1 Be7 8. c3 O-O 9. Nbd2 a5 10. d4 Nbd7 11. e5 dxe5 12. dxe5 Nd5 13. Ne4 Qc7 14. Bf4 Rfd8 15. Qe2 Nf8 16. Rad1 Ng6 17.
Bc1 Nxe5 18. Neg5 Nxf3+ 19. Bxf3 Bxg5 20. Bxg5 Nf6 21. Kg2 Rxd1 22. Rxd1 Bxf3+ 23. Qxf3 Nd5 24.
b3 c4 25. Rd4 cxb3 26. axb3 Qxc3 27. Qxc3 Nxc3 28. Rd7 a4 29. bxa4 bxa4 30. Bc1 h6 31. Bb2 Nd5 32. Ba3 Rc8 33. Ra7 Rc4 34. h4 Nc3 35.
Ra5 Nb1 36. Bd6 Kh7 37. Ra7 Kg6 38. Kh3 Kf6 39. Be7+ Kg6 40. Bd6 Kf6 41. g4 g6 42.
Be7+ Kg7 43. Ra8 f5 44. g5 h5 45. Bf6+ Kf7 46. Ra7+ Kf8 47. Ra8+ Kf7 48. Ra7+ Ke8 49. Re7+ Kf8 50. Rxe6 a3 51. Ra6 Rc2 52. Ra8+ Kf7 53. Ra7+ Ke6 54. Be7 a2 55. Bf6 Rxf2 56.
Kg3 Rc2 57. Rg7 Nd2 58. Rxg6 Ne4+ 59. Kf4 Nxf6 60. Rxf6+ Ke7 61. Ra6 Rh2 62. Kxf5 Rxh4 63. Ra7+ Kd6 64. Rxa2 Rh1 65. Re2 h4 66. g6 Rg1 67.
Rh2 Rf1+ 68. Kg5 Rg1+ 69. Kf6 Rf1+ 70. Kg7 Rf4 71. Kh7 Ke7 72. g7 Rf7 73. Rxh4 Ke6 74. Kh8 Ke7 75. g8=Q Rf8 76. Re4+ 1-0

[Event "*** Titled Tuesday Blitz"]
[Site "Chess.com"]
[Date "2018.01.02"]
[Round "6"]
[White "Hanging_pointer"]
[Black "Laico"]
[Result "1-0"]
[WhiteElo "2252"]
[BlackElo "2163"]
[TimeControl "180+2"]
[EndTime "14:22:57 PST"]
[Termination "Hanging_pointer won by checkmate"]

1. e4 e6 2. d4 d5 3. Nd2 Nf6 4. e5 Nfd7 5. Bd3 c5 6. c3 Nc6 7. Ne2 cxd4 8. cxd4 f6 9. exf6 Nxf6 10. Nf3 Bd6 11. O-O Qc7 12. Bg5 O-O 13. Bh4 Nh5 14. Qc2 h6 15. Bh7+ Kh8 16. Bg6 Rxf3 17. Bxh5 Bxh2+ 18. Kh1 Rf5 19. Bg6 Bd6 20. Bxf5 exf5 21.
Rae1 Qf7 22. Bg3 f4 23. Bxf4 Bf5 24. Qc1 Bb4 25. Rd1 Qh5+ 26. Kg1 Qxe2 27. Bxh6 Qg4 28. Bf4 Rc8 29. f3 Qh5 30. Kf2 Kg8 31. Rh1 Qf7 32. Qe3 Re8 33. Qb3 Ba5 34. Be3 Bb6 35. Rh4 Na5 36. Rdh1 Qd7 37. Qb4 Kf7 38. Rf4 Nc6 39. Qd2 Kg6 40. g4 Be6 41. Qc2+ Bf5 42. gxf5+ Kf7 43.
f6 Rxe3 44. Kxe3 Nxd4 45. Rxd4 Qe6+ 46. Kf2 Bxd4+ 47. Kg2 Qxf6 48. Qc7+ Kg6 49. Qg3+ Kf7 50. Qg4 Bc5 51. Qh5+ Ke7 52. Re1+ Kd6 53. Re2 Kc6 54. Qg4 b5 55. b4 Bd6 56. Qc8+ Kb6 57. Qd7 Qg5+ 58.
Qg4 Qf6 59. a3 Qc3 60. a4 Qd3 61. Rf2 bxa4 62. Qd7 Bc7 63. b5 Qxb5 64. Qe6+ Qc6 65. Rb2+ Ka5 66. Qxc6 a6 67. Qc5# 1-0

[Event "*** Titled Tuesday Blitz"]
[Site "Chess.com"]
[Date "2018.01.02"]
[Round "6"]
[White "Maitreia"]
[Black "DagurR"]
[Result "1-0"]
[WhiteElo "2548"]
[BlackElo "2318"]
[TimeControl "180+2"]
[EndTime "14:23:09 PST"]
[Termination "Maitreia won by resignation"]

1. c4 f5 2. g3 Nf6 3. Bg2 g6 4. Nc3 Bg7 5. Nf3 O-O 6. O-O d6 7. d3 e5 8. Rb1 a5 9. a3 h6 10. b4 axb4 11. axb4 g5 12. Qb3 Kh8 13. Bb2 Nc6 14.
b5 Ne7 15. Ra1 Rb8 16. Nd2 Qe8 17. Ba3 Be6 18. b6 Qd7 19. bxc7 Qxc7 20. Nb5 Qd8 21. Bxd6 Rc8 22. Bxe5 Nc6 23. Bc3 Bg8 24. Qb2 Re8 25.
Rfe1 Qe7 26. Nf3 Kh7 27. Na7 Rb8 28. Nxc6 bxc6 29. Qa3 c5 30. Ne5 Qd6 31. Nf3 f4 32.
Rab1 Rxb1 33. Rxb1 Rxe2 34. Bf1 Re7 35. Re1 Rxe1 36. Nxe1 Ng4 37. Bxg7 Kxg7 38. Qc3+ Kg6 39. Bg2 Nf6 40. Nf3 Be6 41. d4 cxd4 42. Nxd4 Bd7 43. c5 Qa6 44. c6 Bc8 45. Bf1 Qa2 46. Qd3+ Kf7 47. Nf5 Bxf5 48. Qxf5 Qa7 49. gxf4 gxf4 50.
Qxf4 Ke6 51. Qxh6 Qd4 52. Qe3+ Qxe3 53. fxe3 Kd6 54. Bb5 Nd5 55. Kf2 Nc3 56. Bc4 Kxc6 57. Kf3 Kd6 58. Kf4 Na4 59. e4 Nb6 60. e5+ Ke7 61.
Bb3 Nd7 62. Kf5 Nc5 63. Bd5 Nd3 64. e6 Nc5 65. Kg6 Nd3 66. Kg5 Nb4 67. Bb3 Nd3 68. h4 Nc5 69. Bd5 Na6 70. Kg6 Nc7 71. Bc4 Kf8 72.
h5 Kg8 73. e7+ Kh8 74. Bf7 Ne8 75. Bxe8 Kg8 76. Bf7+ 1-0

[Event "*** Titled Tuesday Blitz"]
[Site "Chess.com"]
[Date "2018.01.02"]
[Round "6"]
[White "aquiles88"]
[Black "Big_Fishy"]
[Result "1/2-1/2"]
[WhiteElo "2057"]
[BlackElo "2304"]
[TimeControl "180+2"]
[EndTime "14:23:30 PST"]
[Termination "Game drawn by agreement"]

1. g3 Nf6 2. Bg2 g6 3. e4 d6 4.
d4 Bg7 5. Nc3 O-O 6. Nge2 e5 7. h3 Nc6 8. Be3 exd4 9. Nxd4 Re8 10. O-O Bd7 11. f4 a6 12. a4 Nxd4 13. Bxd4 c5 14. Bf2 Bc6 15. Re1 Qc7 16. Qd2 Rad8 17. Rad1 b5 18. axb5 axb5 19. b3 b4 20. Nd5 Nxd5 21. exd5 Bd7 22. Rxe8+ Rxe8 23. Re1 Rxe1+ 24. Qxe1 h5 25. Qe7 Bf8 26. Qe3 Bf5 27. Qd2 Bg7 28.
Kh2 Qa5 29. Bf3 Qa2 30. Bd1 Qa1 31. g4 hxg4 32. hxg4 Be4 33. Kg3 Bd4 34. Bxd4 Qxd4 35. Qxd4 cxd4 36. Kf2 f5 37. gxf5 gxf5 38. Ke1 Bxd5 39.
Kd2 Be4 40. Bh5 Kg7 41. Be2 Kf6 42. Bc4 Ke7 43. Be2 d5 44. Bb5 Kd6 45. Be2 Kc5 46. Ba6 Kd6 47. Be2 Ke6 48. Bd1 Kd6 49. Be2 Kc5 50.
Ba6 d3 51. cxd3 Bg2 52. Ke3 d4+ 53. Kd2 Bd5 54. Bc4 Bf3 55. Be6 Bg4 56. Bc4 Kd6 57. Bf7 Ke7 58. Bc4 Kf6 59. Ke1 Kg6 60. Kf2 Bd1 61.
Ke1 Bg4 62. Kf2 Kh5 63. Kg3 Bd1 64. Bd5 Bc2 65. Bc4 Bd1 66. Bd5 Be2 67. Bc4 Bg4 68.
Bd5 Bd1 69. Bc4 Bc2 70. Kh3 Kh6 71. Kh4 Bd1 72. Bd5 Bg4 73. Be6 Kg6 74. Bc4 Bd1 75. Bd5 Be2 76. Bc4 Bf3 77. Kg3 Bd1 78. Kh4 Bc2 79.
Kg3 Kf6 80. Kh4 Bd1 1/2-1/2

[Event "*** Titled Tuesday Blitz"]
[Site "Chess.com"]
[Date "2018.01.02"]
[Round "6"]
[White "DiamondCrusher22"]
[Black "Kawhi_Leonard2"]
[Result "0-1"]
[WhiteElo "1942"]
[BlackElo "2180"]
[TimeControl "180+2"]
[EndTime "14:23:39 PST"]
[Termination "Kawhi_Leonard2 won by resignation"]

1. e4 c5 2. Nf3 d6 3. c3 Nf6 4.
Be2 Nc6 5. d4 cxd4 6. cxd4 d5 7.
e5 Ne4 8. O-O e6 9. Nc3 Nxc3 10.
bxc3 Be7 11. Qd2 Bd7 12. Qf4 Rc8 13. Qg4 g6 14. Bh6 Qa5 15. Qh3 Qxc3 16. Bg7 Rf8 17. Bxf8 Bxf8 18. Rac1 Qb2 19. Bd3 Nxd4 20. Rxc8+ Bxc8 21. Ng5 h6 22. Nh7 Bg7 23. Nf6+ Kf8 24. Nh7+ Kg8 25.
Nf6+ Kh8 26. Qe3 Nc6 27. Rc1 Bxf6 28. exf6 Kh7 29. h4 Qxf6 30. h5 Bd7 31. hxg6+ fxg6 32. Bb1 Kg7 33. Qd3 Ne5 34. Qc2 Bc6 35. Qe2 Qf4 36. Rd1 Ng4 37. Qf3 Qh2+ 38. Kf1 Bb5+ 39. Bd3 Ne5 40. Qg3 Qxg3 41. fxg3 Nxd3 42. Rb1 a6 43.
Ke2 Nc5+ 44. Ke3 Ne4 45. Kd4 Nxg3 46. a4 Bc6 47. Ke5 Kf7 48. Rb3 Nf5 49. g4 Ng7 50. Rh3 h5 51. g5 Nf5 52. Rb3 Ke7 53. a5 d4 54. Rd3 Bb5 55. Rb3 d3 56. Rb2 Ne3 57. Kd4 Nc4 58. Rb1 Nxa5 59. Rf1 Nc6+ 60. Kc3 Ne5 61. Rf6 a5 62. Rf4 a4 63. Re4 Kd6 64. Rd4+ Kc5 65. Re4 Kd5 66. Rd4+ Kc6 67. Re4 Kd6 68. Rd4+ Ke7 69. Re4 Nf7 70. Rf4 Nxg5 71.
Rb4 Ne4+ 72. Rxe4 Bc6 73. Rb4 Kf6 74. Kxd3 g5 75. Ke3 h4 76. Kf2 Kf5 77. Rc4 g4 78. Ke3 e5 79. Rb4 g3 80. Ke2 h3 81. Rh4 h2 82.
Rh5+ Kg4 83. Rh8 h1=Q 84. Rxh1 Bxh1 85. Ke3 Bc6 86. Kd3 a3 87. Kc4 a2 88. Kc5 0-1

[Event "*** Titled Tuesday Blitz"]
[Site "Chess.com"]
[Date "2018.01.02"]
[Round "6"]
[White "maciek_92"]
[Black "tigra"]
[Result "0-1"]
[WhiteElo "2553"]
[BlackElo "2695"]
[TimeControl "180+2"]
[EndTime "14:24:48 PST"]
[Termination "tigra won on time"]

1. c4 Nf6 2. g3 e5 3. Bg2 c6 4. Nf3 e4 5. Nd4 d5 6. cxd5 Qxd5 7. Nc2 Qh5 8. h3 Bc5 9. Nc3 Qg6 10. Ne3 O-O 11.
Qc2 Re8 12. O-O Bb6 13. b3 h5 14. Bb2 Nbd7 15. Rad1 Nf8 16. Ba3 N8h7 17. Bd6 Ng5 18. Kh2 h4 19. gxh4 Ngh7 20. Nc4 Bf5 21. e3 Rad8 22.
Bg3 Nh5 23. Nxb6 axb6 24. Ne2 N7f6 25. Rg1 Nd5 26. a3 Qf6 27. Nc3 Qe7 28. b4 g6 29.
Ne2 Kh7 30. Qb2 Ra8 31. Rc1 Ra7 32. Nd4 Bd7 33. Ra1 Rea8 34. Ne2 f5 35. Qe5 Nxg3 36. Qxe7+ Nxe7 37. Kxg3 Rxa3 38. Rxa3 Rxa3 39. Kf4 Rd3 40. Ke5 Kg7 41. Nd4 g5 42. hxg5 Ng6+ 43. Kd6 Be8 44. Kc7 c5 45. bxc5 bxc5 46. Nxf5+ Kf8 47. Bxe4 Rxd2 48.
f4 Rd7+ 49. Kb6 c4 50. h4 Rh7 51. Nd6 Re7 52. h5 Re6 53. Kc5 Ne7 54. Rd1 c3 55. h6 b6+ 56. Kxb6 Nc8+ 57. Kc7 Nxd6 58. Rxd6 Rxe4 59. g6 Bxg6 60. Rxg6 Rc4+ 61. Kd7 c2 62. h7 Rc7+ 63. Kxc7 c1=Q+ 64. Kd7 Qd2+ 65. Rd6 Qc3 66. Ke6 Qxe3+ 67. Kf5 Qh3+ 68. Kg6 Qg4+ 69. Kf6 Qxf4+ 70.
Ke6 Qh6+ 71. Ke5 Qxh7 72. Re6 Qh4 73. Rf6+ Ke7 74. Re6+ Kf7 75. Rd6 Qg5+ 76. Kd4 Ke7 77. Rd5 Qf4+ 78. Kc5 Ke6 79. Rd4 Qf2 80. Kc4 Ke5 81.
Rd3 Qf1 82. Kc3 Ke4 83. Rd2 Ke3 84. Rc2 Qb1 85. Rb2 Qd3+ 86. Kb4 Kd4 87. Rb3 Qc2 88. Ka3 Qc1+ 89. Ka2 Qd2+ 90. Ka3 Kc4 0-1

[Event "*** Titled Tuesday Blitz"]
[Site "Chess.com"]
[Date "2018.01.02"]
[Round "6"]
[White "gmjlh"]
[Black "Ginger_GM"]
[Result "1/2-1/2"]
[WhiteElo "2585"]
[BlackElo "2473"]
[TimeControl "180+2"]
[EndTime "14:25:56 PST"]
[Termination "Game drawn by repetition"]

1. e4 e6 2. d4 d5 3. exd5 exd5 4.
Nf3 Bg4 5. h3 Bh5 6. Qe2+ Be7 7.
Qb5+ Nd7 8. Ne5 Nf6 9. Qxb7 O-O 10. Nc6 Qe8 11. Be3 Bd6 12. Nc3 Bf4 13. Kd2 Bxe3+ 14. fxe3 Ne4+ 15. Nxe4 Qxe4 16. Qxc7 Bg6 17. Bd3 Qxg2+ 18.
Kc3 Nb6 19. Kb3 Nc4 20. Rhg1 Qd2 21. Rad1 Qxe3 22. Rxg6 hxg6 23. a3 Kh7 24. Ka2 Rac8 25. Qd7 Qe6 26. Qxe6 fxe6 27. Ne7 Rc7 28. Nxg6 Rf6 29.
Rg1 Kg8 30. h4 Ne3 31. c3 a5 32. a4 Rb7 33. h5 Rf2 34. Bb5 Nc4 35. Rb1 Rh2 36.
Nf4 Kf7 37. Ka1 Rf2 38. Nd3 Rd2 39. Nc5 Re7 40. Rf1+ Kg8 41. b3 Ne3 42. Rf3 Nf5 43. Kb1 Rh2 44. Bd3 Rxh5 45. b4 axb4 46. cxb4 Nxd4 47.
Rg3 e5 48. a5 e4 49. Bc2 Rh1+ 50.
Kb2 Rh2 51. Rc3 Rxc2+ 52. Rxc2 Nxc2 53. Kxc2 d4 54. a6 e3 55. b5 e2 56. Nd3 e1=Q 57.
Nxe1 Rxe1 58. a7 Ra1 59. b6 Kh7 60. b7 Rxa7 61. b8=Q Rf7 62. Kd3 Rf6 63. Kxd4 Kg6 64. Ke5 Kh7 65. Qe8 Kh6 66. Qg8 Kg6 67. Qh8 Kf7 68. Ke4 Kg6 69. Kd5 Kf7 70. Ke5 Kg6 71. Qg8 Kh6 72. Qe8 Kh7 73. Qh5+ Kg8 74. Ke4 Kf8 75. Qh8+ Kf7 76. Qh7 Kf8 77. Ke5 Kf7 78. Qh8 Kg6 79. Qh3 Kf7 80. Qd7+ Kg6 81. Qd8 Kf7 82. Qd3 Kg8 83. Qh3 Kf7 84. Qh7 Kf8 85.
Kd5 Kf7 86. Qc2 Kf8 87. Ke4 Kf7 88. Qc4+ Kg6 89. Ke5 Kh7 90. Qc1 Kg8 91. Qb1 Kf7 92. Qa1 Kg6 93. Qa2 Kh7 94. Qg2 Kg8 95. Qg3 Kf7 96.
Qg4 Kg8 97. Qh5 Kf8 98. Qh8+ Kf7 99. Qc8 Kg6 100. Qc2+ Kf7 101. Qb1 Kg8 102. Qa2+ Kh7 103. Qa4 Kg6 104. Qb4 Kf7 105. Qb5 Kg6 106. Qd7 Kh7 107. Qc8 Kg6 108. Qh3 Kf7 109. Qg4 Kg8 110. Qh4 Kf7 111. Qh3 Kg6 112. Qh1 Kf7 113. Qg2 Kg8 114. Qc2 Kf7 115. Qa4 Kg6 116. Qa2 Kh7 117. Qb2 Kg8 118. Qc2 Kf7 119. Qh7 Kf8 120. Kd5 Kf7 121. Qh3 Kg6 122. Ke5 Kf7 123. Qg4 Kg8 1/2-1/2

[Event "*** Titled Tuesday Blitz"]
[Site "Chess.com"]
[Date "2018.01.02"]
[Round "7"]
[White "grzechu96"]
[Black "GM_Huschenbeth"]
[Result "0-1"]
[WhiteElo "2436"]
[BlackElo "2457"]
[TimeControl "180+2"]
[EndTime "14:27:25 PST"]
[Termination "GM_Huschenbeth won by resignation"]

1. e4 c5 2. Nf3 d6 3. d4 cxd4 4.
Nxd4 Nf6 5. Nc3 a6 6. Qf3 g6 7. Bg5 Bg7 8. O-O-O Bg4 9. Qe3 Bxd1 10. Nxd1 Nc6 0-1

[Event "*** Titled Tuesday Blitz"]
[Site "Chess.com"]
[Date "2018.01.02"]
[Round "7"]
[White "CookiesAndIceCream"]
[Black "ChEsper99"]
[Result "1-0"]
[WhiteElo "2117"]
[BlackElo "2002"]
[TimeControl "180+2"]
[EndTime "14:27:27 PST"]
[Termination "CookiesAndIceCream won by resignation"]

1. e4 c5 2. Nf3 d6 3. d4 cxd4 4. Nxd4 Nf6 5. Nc3 a6 6. Be3 e5 7. Nb3 Be6 8. f3 Be7 9. Qd2 O-O 10. O-O-O Nbd7 11. g4 Qc7 12. g5 Nh5 13. Kb1 b5 1-0

[Event "*** Titled Tuesday Blitz"]
[Site "Chess.com"]
[Date "2018.01.02"]
[Round "7"]
[White "oskariot"]
[Black "Marcus_Harvey"]
[Result "0-1"]
[WhiteElo "2374"]
[BlackElo "2549"]
[TimeControl "180+2"]
[EndTime "14:27:39 PST"]
[Termination "Marcus_Harvey won by resignation"]

1. c4 e6 2. g3 f5 3. Bg2 Nf6 4. Nf3 Be7 5. O-O O-O 6. d4 d6 7. Nc3 a5 8. Re1 Nc6 9. e4 fxe4 10. Nxe4 Nxe4 11. Rxe4 e5 12. d5 Bf5 13. Re2 Nb4 14. Be3 Bg4 15. Rd2 e4 0-1

[Event "*** Titled Tuesday Blitz"]
[Site "Chess.com"]
[Date "2018.01.02"]
[Round "7"]
[White "ckgchess"]
[Black "abruptum"]
[Result "1-0"]
[WhiteElo "2475"]
[BlackElo "2299"]
[TimeControl "180+2"]
[EndTime "14:29:50 PST"]
[Termination "ckgchess won by resignation"]

1. e4 g6 2. d4 Bg7 3. Nc3 d6 4. Be3 Nf6 5. f3 a6 6. Qd2 b5 7.
O-O-O c6 8. Kb1 Qc7 9. Bh6 Bxh6 10. Qxh6 Nbd7 11. h4 c5 12. dxc5 Nxc5 13. Qg7 Rf8 14. Nh3 b4 15. Nd5 Nxd5 16. exd5 Rb8 17. Ng5 Na4 18.
Nxh7 Bf5 19. Qxf8+ Kd7 20. Nf6+ exf6 21. Qxf7+ Kd8 22.
Qxc7+ Kxc7 23. Bd3 1-0

[Event "*** Titled Tuesday Blitz"]
[Site "Chess.com"]
[Date "2018.01.02"]
[Round "7"]
[White "Saitama_Hero"]
[Black "Superfelix"]
[Result "0-1"]
[WhiteElo "2194"]
[BlackElo "2340"]
[TimeControl "180+2"]
[EndTime "14:30:36 PST"]
[Termination "Superfelix won by resignation"]

1. d4 g6 2. e4 Bg7 3. Nc3 c6 4.
h4 h5 5. Bc4 b5 6. Bb3 a5 7. a3 e6 8. e5 d5 9. exd6 Qxd6 10. Nf3 Ne7 11. Ne4 Qc7 12. g3 Nd5 13. Bxd5 exd5 14. Nc5 Qe7+ 15. Be3 Nd7 16. O-O Nxc5 17.
dxc5 O-O 18. Re1 Bg4 19. Bd4 Qc7 20. Bxg7 Kxg7 21. Qd4+ f6 22. Nd2 Rae8 23. a4 bxa4 24. Qxa4 Re5 25. Qxa5 Rxe1+ 0-1

[Event "*** Titled Tuesday Blitz"]
[Site "Chess.com"]
[Date "2018.01.02"]
[Round "7"]
[White "TST2014"]
[Black "AndrewDGreen"]
[Result "1-0"]
[WhiteElo "2314"]
[BlackElo "2113"]
[TimeControl "180+2"]
[EndTime "14:30:44 PST"]
[Termination "TST2014 won by resignation"]

1. d4 Nf6 2. c4 c5 3. d5 e5 4.
Nc3 d6 5. e4 Nbd7 6. g4 h5 7. g5 Nh7 8. h4 g6 9. Nge2 Bg7 10.
Ng3 f6 11. Be2 fxg5 12. Bxh5 gxh5 13. Qxh5+ Kf8 14. hxg5 Qe8 15. Qxe8+ Kxe8 16. Nb5 Kd8 17. Nxd6 Nhf8 18. Nf7+ 1-0

[Event "*** Titled Tuesday Blitz"]
[Site "Chess.com"]
[Date "2018.01.02"]
[Round "7"]
[White "1e41-0"]
[Black "TheBigBoss04"]
[Result "0-1"]
[WhiteElo "2363"]
[BlackElo "2488"]
[TimeControl "180+2"]
[EndTime "14:31:09 PST"]
[Termination "TheBigBoss04 won by resignation"]

1. e4 c6 2. c4 d5 3. cxd5 cxd5 4. exd5 Nf6 5. Qa4+ Nbd7 6. Nc3 g6 7. Nf3 Bg7 8.
Bb5 a6 9. O-O O-O 10. Qa3 Nb6 11. Be2 Nbxd5 12. d4 Bg4 13. Re1 b5 14. Nxd5 Qxd5 15.
h3 Bf5 16. Bf4 Rfc8 17. Qxe7 Re8 18. Qc5 Qxc5 19. dxc5 Nd5 20. Bd2 Bxb2 21. Rad1 Bc2 22.
Kf1 Bxd1 23. Rxd1 Rac8 24. Bc1 Bxc1 25. Rxc1 Nf4 26. Nd4 Rcd8 27. Nc6 Nxe2 28. Re1 Rc8 29. Rxe2 Rxe2 0-1

[Event "*** Titled Tuesday Blitz"]
[Site "Chess.com"]
[Date "2018.01.02"]
[Round "7"]
[White "AnonymousBread"]
[Black "milovanratkovic"]
[Result "0-1"]
[WhiteElo "2410"]
[BlackElo "2460"]
[TimeControl "180+2"]
[EndTime "14:31:09 PST"]
[Termination "milovanratkovic won by resignation"]

1. d4 d5 2. Bf4 c5 3. e3 Nc6 4. Nc3 Bf5 5. f3 cxd4 6. exd4 e6 7. g4 Bg6 8. h4 h5 9. g5 Bd6 10. Nh3 Nge7 11. Bd3 Bxd3 12. Qxd3 Bxf4 13. Nxf4 Qd6 14.
Qd2 O-O-O 15. O-O-O Nf5 16. Nce2 Kb8 17. Kb1 Rc8 18.
c3 Na5 19. Nd3 Nc4 20. Qf4 Qxf4 21. Nexf4 g6 22. Rde1 b6 23. b3 Nd2+ 24. Kc2 Nxf3 25. Ne5 Nxe1+ 26. Rxe1 Rc7 27. Kd3 Nxh4 28. c4 dxc4+ 29.
bxc4 Nf5 30. d5 Rd8 31. Ke4 Nd6+ 32. Kd3 exd5 33. Nxd5 Nxc4 0-1

[Event "*** Titled Tuesday Blitz"]
[Site "Chess.com"]
[Date "2018.01.02"]
[Round "7"]
[White "capatl"]
[Black "krzyzan94"]
[Result "0-1"]
[WhiteElo "2385"]
[BlackElo "2614"]
[TimeControl "180+2"]
[EndTime "14:31:31 PST"]
[Termination "krzyzan94 won by resignation"]

1. c4 Nf6 2. Nc3 g6 3. Nf3 Bg7 4. e3 O-O 5. Be2 d6 6. O-O e5 7. d3 Nc6 8. Rb1 a5 9. a3 h6 10. b4 Be6 11. d4 exd4 12. Nxd4 Nxd4 13. exd4 d5 14. c5 axb4 15. Rxb4 Ne4 16. Qb3 Nxc5 17. Qb2 Ne4 18. Be3 c5 19. Rxb7 cxd4 20. Nxe4 dxe3 0-1

[Event "*** Titled Tuesday Blitz"]
[Site "Chess.com"]
[Date "2018.01.02"]
[Round "7"]
[White "chito89"]
[Black "Abrito99"]
[Result "0-1"]
[WhiteElo "2582"]
[BlackElo "2382"]
[TimeControl "180+2"]
[EndTime "14:31:51 PST"]
[Termination "Abrito99 won by resignation"]

1. e4 c5 2. Nf3 e6 3. g3 Nc6 4. Bg2 Nf6 5. Qe2 d5 6. exd5 Nxd5 7. O-O Be7 8. Rd1 e5 9. Nxe5 Nd4 10. Qf1 f6 11.
Nc3 Nb4 12. Nc4 Nbxc2 13. Rb1 O-O 14. d3 Re8 15. Nd5 Bg4 16. Nxe7+ Rxe7 17. f3 Bf5 18. Kh1 b5 19. Nd2 Ne3 20. Qg1 Ne2 21. Qe1 Nxd1 22.
Qxd1 Bxd3 23. Ra1 Nd4 0-1

[Event "*** Titled Tuesday Blitz"]
[Site "Chess.com"]
[Date "2018.01.02"]
[Round "7"]
[White "manubibi"]
[Black "mokerslag"]
[Result "1-0"]
[WhiteElo "2453"]
[BlackElo "2351"]
[TimeControl "180+2"]
[EndTime "14:31:55 PST"]
[Termination "manubibi won by resignation"]

1. e4 c5 2. Nf3 e6 3. d4 cxd4 4. Nxd4 Nf6 5. Nc3 Nc6 6. g3 Bb4 7. Bg2 d5 8. exd5 Nxd5 9. O-O O-O 10. Nxd5 exd5 11. Be3 Re8 12. h3 Be6 13. Nxe6 fxe6 14.
c3 Bd6 15. f4 Qf6 16. Qd3 Rac8 17. Rae1 a6 18. Bf2 b5 19. Re2 Kh8 20. Rfe1 Qf7 21. f5 exf5 22. Rxe8+ Rxe8 23. Rxe8+ Qxe8 24. Qxd5 1-0

[Event "*** Titled Tuesday Blitz"]
[Site "Chess.com"]
[Date "2018.01.02"]
[Round "7"]
[White "nicegg"]
[Black "Keaton87"]
[Result "0-1"]
[WhiteElo "2001"]
[BlackElo "2509"]
[TimeControl "180+2"]
[EndTime "14:32:13 PST"]
[Termination "Keaton87 won by resignation"]

1. e4 c5 2. Qh5 Nf6 3. Qxc5 Nxe4 4.
Qe3 d5 5. Nc3 Nxc3 6. dxc3 Nc6 7.
Nf3 Bf5 8. Bb5 a6 9. Bxc6+ bxc6 10. Nd4 Bd7 11. b4 e6 12. Nb3 Be7 13. O-O O-O 14.
Qg3 Kh8 15. Be3 f6 16. Bc5 e5 17. Rad1 Bf5 18. Rd2 Re8 19. c4 d4 20. Qf3 Bd7 21.
Bxe7 Qxe7 22. Nc5 a5 23. c3 axb4 24. cxb4 e4 25. Qf4 g5 26. Qc7 Be6 27. Qxc6 Bxc4 28. Re1 e3 29. fxe3 dxe3 30. Rd7 Qe5 31. Qb7 Bg8 32.
Rd5 Bxd5 0-1

[Event "*** Titled Tuesday Blitz"]
[Site "Chess.com"]
[Date "2018.01.02"]
[Round "7"]
[White "DanielNaroditsky"]
[Black "VeraNebolsina"]
[Result "1-0"]
[WhiteElo "2808"]
[BlackElo "2316"]
[TimeControl "180+2"]
[EndTime "14:32:15 PST"]
[Termination "DanielNaroditsky won by resignation"]

1. e4 c5 2. Nf3 d6 3. d4 cxd4 4.
Nxd4 Nf6 5. Nc3 a6 6. h4 e5 7.
Nb3 Be6 8. f4 exf4 9. Bxf4 Nc6 10. Qd2 d5 11. O-O-O dxe4 12. Qe3 Qc8 13. Nc5 Bxc5 14.
Qxc5 Ne7 15. Qa3 Nfd5 16. Nxd5 Nxd5 17. Bd6 Qc6 18. Be2 O-O-O 19. Bh2 Rd7 20. Qg3 Nc7 21. Rxd7 Qxd7 22. Rd1 Qe7 23. Qxg7 Re8 24. Qxh7 Qc5 25.
Qxe4 Bxa2 26. Bg4+ Be6 27. Bxe6+ fxe6 28. Rd3 Nd5 29. h5 Qf2 30. Rxd5 1-0

[Event "*** Titled Tuesday Blitz"]
[Site "Chess.com"]
[Date "2018.01.02"]
[Round "7"]
[White "walkingcreep"]
[Black "theblitzchamp"]
[Result "0-1"]
[WhiteElo "2412"]
[BlackElo "2453"]
[TimeControl "180+2"]
[EndTime "14:32:29 PST"]
[Termination "theblitzchamp won by resignation"]

1. e4 e5 2. Nf3 Nc6 3. Bc4 Nf6 4.
d3 Be7 5. O-O O-O 6. c3 d5 7.
exd5 Nxd5 8. a4 Bg4 9. Nbd2 Kh8 10. a5 a6 11. Qb3 Nf4 12. Qxb7 Qd6 13. Ne4 Qg6 14.
Qxc6 Qxc6 15. Nxe5 Ne2+ 16. Kh1 Qb7 17. Nxg4 Nxc1 18.
Raxc1 f5 19. Ne3 fxe4 20. Bd5 Qxb2 21. Bxa8 Rxa8 22. dxe4 Bc5 23. Nd5 Bd6 24. f4 c6 25.
Nb6 Rf8 26. Nc4 Qb8 27. e5 Bc5 28. Rb1 Qe8 29. f5 h6 30. e6 Qh5 31. Ne5 Rxf5 32. g4 Rxf1+ 33. Rxf1 Qxe5 0-1

[Event "*** Titled Tuesday Blitz"]
[Site "Chess.com"]
[Date "2018.01.02"]
[Round "7"]
[White "djogrodek1"]
[Black "BillieKimbah"]
[Result "1/2-1/2"]
[WhiteElo "2471"]
[BlackElo "2728"]
[TimeControl "180+2"]
[EndTime "14:32:36 PST"]
[Termination "Game drawn by repetition"]

1. e4 e5 2. Nf3 Nc6 3. d4 exd4 4. Nxd4 Bc5 5. Nxc6 Qf6 6. Qf3 dxc6 7. Nc3 Be6 8. Qg3 O-O-O 9. Be3 Bxe3 10. Qxe3 Kb8 11. Bd3 g5 12. O-O-O Qe5 13. h4 g4 14. f4 gxf3 15.
gxf3 Nf6 16. Qg5 Nd7 17. f4 Qd4 18. f5 f6 19. Qg7 Qe3+ 20. Kb1 Rdg8 21. Qe7 Re8 22.
Qg7 Reg8 23. Qe7 Re8 24. Qg7 Reg8 25. Qe7 1/2-1/2

[Event "*** Titled Tuesday Blitz"]
[Site "Chess.com"]
[Date "2018.01.02"]
[Round "7"]
[White "julinha97"]
[Black "Vamostodorecto"]
[Result "0-1"]
[WhiteElo "2197"]
[BlackElo "2361"]
[TimeControl "180+2"]
[EndTime "14:33:03 PST"]
[Termination "Vamostodorecto won by resignation"]

1. e4 e5 2. Nf3 Nc6 3. Bc4 Nf6 4. d3 Be7 5. c3 O-O 6. O-O d6 7. a4 Kh8 8. Nbd2 a6 9. Re1 Ng8 10. Nf1 f5 11. exf5 Bxf5 12. Ng3 Bg4 13. d4 Bxf3 14.
gxf3 Bg5 15. Bf1 Bxc1 16. Rxc1 Qf6 17. Bg2 exd4 18. Ne4 Qg6 19. cxd4 Rf4 20. Qd2 Raf8 21. b4 d5 22. Ng3 Nxd4 23. Rxc7 h5 24. Re5 h4 25. Rh5+ Nh6 26. Rxd5 Ne6 27. Rxb7 hxg3 28. hxg3 R4f5 29. Rdd7 Qf6 30. g4 Qa1+ 31. Kh2 Rxf3 32. Bxf3 Rxf3 33. Kg2 Rf8 34. Qd5 Nf4+ 0-1

[Event "*** Titled Tuesday Blitz"]
[Site "Chess.com"]
[Date "2018.01.02"]
[Round "7"]
[White "Msb2"]
[Black "Blitzstream"]
[Result "1-0"]
[WhiteElo "2736"]
[BlackElo "2505"]
[TimeControl "180+2"]
[EndTime "14:33:08 PST"]
[Termination "Msb2 won by resignation"]

1. d4 e5 2. dxe5 d6 3. Nf3 Nc6 4. Bg5 Qd7 5. exd6 Bxd6 6. e3 Qg4 7. h3 Qb4+ 8. Nbd2 Qxb2 9. Bd3 h6 10. Bf4 Bxf4 11.
exf4 Nge7 12. O-O O-O 13. Ne4 Bf5 14. Rb1 Qxa2 15. Rxb7 Rad8 16. Qa1 Qd5 17. Rb5 Qd7 18. Re1 Bxh3 19. gxh3 Qxh3 20. Ng3 Rd6 21. f5 Nd5 22.
Re4 g5 23. Bf1 Qxg3+ 24. fxg3 Nf6 25. Re1 Rfd8 26. Rbb1 Ng4 27. Rbd1 1-0

[Event "*** Titled Tuesday Blitz"]
[Site "Chess.com"]
[Date "2018.01.02"]
[Round "7"]
[White "Divertissement"]
[Black "sergeikim"]
[Result "0-1"]
[WhiteElo "2421"]
[BlackElo "2363"]
[TimeControl "180+2"]
[EndTime "14:33:09 PST"]
[Termination "sergeikim won on time"]

1. d4 Nf6 2. c4 g6 3. Nf3 Bg7 4. g3 O-O 5. Bg2 d6 6. O-O Nbd7 7. Nc3 e5 8. e4 exd4 9. Nxd4 Re8 10. Re1 Nc5 11. h3 c6 12. Bf4 Nh5 13. Be3 a5 14. Qd2 a4 15. Rad1 Qa5 16. Kh2 Nf6 17. f3 Nfd7 18.
Nde2 Qb4 19. Qxd6 a3 20. bxa3 Rxa3 21. Bd4 Bf8 22. Qf4 Ne6 23. Qd2 Nxd4 24. Qxd4 Bg7 25. Nd5 cxd5 26. Qxd5 Rxa2 27. Nf4 Ne5 28. Re2 Be6 29.
Nxe6 fxe6 0-1